 Dungeon Crawl Stone Soup version 0.22-a0-580-gd5db89c09a (webtiles) character file.

12 Faustar the Vexing (level 2, -2/29 HPs)
             Began as an Ogre Arcane Marksman on July 2, 2018.
             Slain by a hobgoblin (4 damage)
             ... on level 1 of the Dungeon.
             The game lasted 00:01:07 (760 turns).

Faustar the Vexing (Ogre Arcane Marksman)            Turns: 760, Time: 00:01:07

Health: -2/29      AC:  3    Str: 13    XL:     2   Next: 33%
Magic:  3/3        EV: 10    Int: 14    God:
Gold:   15         SH:  0    Dex:  9    Spells: 2/3 levels left

rFire    . . .     SeeInvis .   b - +0 club
rCold    . . .     Gourm    .   (no shield)
rNeg     . . .     Faith    .   a - +0 robe
rPois    .         Spirit   .   (helmet restricted)
rElec    .         Reflect  .   (no cloak)
rCorr    .         Harm     .   (gloves unavailable)
MR       .....                  (boots unavailable)
Stlth    +.........             (no amulet)
HPRegen  0.09/turn              (no ring)
MPRegen  0.08/turn              (no ring)

@: no status effects
A: large, unfitting armour, tough skin 1
a: no special abilities


You were on level 1 of the Dungeon.
You were not hungry.

You visited 1 branch of the dungeon, and saw 1 of its levels.

You collected 15 gold pieces.

Inventory:

Hand Weapons
 b - a +0 club (weapon)
 h - a +0 club
Missiles
 c - 3 large rocks (quivered)
 d - a throwing net
 g - 18 stones
Armour
 a - a +0 robe (worn)
Scrolls
 e - a scroll of remove curse {unknown}
 i - a scroll of identify {unknown}
Comestibles
 f - 2 rations


   Skills:
 + Level 2.4 Fighting
 - Level 2.0 Throwing
 + Level 2.2 Dodging
 - Level 1.2 Spellcasting
 - Level 2.6 Hexes


You had 2 spell levels left.
You knew the following spells:

 Your Spells              Type           Power        Failure   Level  Hunger
a - Corona                Hex            #......      9%          1    ##.....

Your spell library contained the following spells:

 Spells                   Type           Power        Failure   Level  Hunger
 Cause Fear               Hex            #.........   65%         4    #####..
 Slow                     Hex            #.......     13%         2    ###....
 Portal Projectile        Hex/Tloc       #.....       41%         3    ####...
 Leda's Liquefaction      Hex/Erth       #.........   83%         4    #####..
 Inner Flame              Hex/Fire       #.......     41%         3    ####...


Dungeon Overview and Level Annotations

Branches:
Dungeon (1/15)

Altars:


Innate Abilities, Weirdness & Mutations

You are too large for most types of armour.
You have tough skin. (AC +1)


Message History

The hobgoblin hits you. The hobgoblin closely misses you.
You closely miss the hobgoblin.
The hobgoblin is almost dead.
The hobgoblin hits you but does no damage.
You closely miss the hobgoblin.
The hobgoblin is almost dead.
The hobgoblin hits you.
* * * LOW HITPOINT WARNING * * *
You closely miss the hobgoblin.
The hobgoblin is almost dead.
The hobgoblin completely misses you. The hobgoblin hits you.
* * * LOW HITPOINT WARNING * * *
You barely miss the hobgoblin.
The hobgoblin is almost dead.
The hobgoblin hits you.
* * * LOW HITPOINT WARNING * * *
You hit the hobgoblin but do no damage.
The hobgoblin is almost dead.
The hobgoblin hits you.
You die...

#.....# #.....#
..##########.....#
......>..........###.
.####.......(.......
#.#####.....###.. #.#
#.......... #.#
#.)g.####...
###.#######.@.......
#.......# ######....
#.####.###.#### ..
#.............#
######..#####.#####
########...........#.
.......÷)............
#####.###############
......÷......


You could see a hobgoblin.

Vanquished Creatures
  A leopard gecko (D:1)
  A bat (D:1)
  A goblin (D:1)
  2 jackals (D:1)
  A frilled lizard (D:1)
  3 kobolds (D:1)
  2 rats (D:1)
11 creatures vanquished.

Notes
Turn   | Place    | Note
-------+----------+-------------------------------------------
     0 | D:1      | Faustar the Ogre Arcane Marksman began the quest for the Orb.
     0 | D:1      | Reached XP level 1. HP: 19/19 MP: 2/2
   369 | D:1      | Reached XP level 2. HP: 9/28 MP: 3/3
   760 | D:1      | Slain by a hobgoblin

Vault maps used:
D:1:      dpeg_arrival_chambers_temple_mockup, hangedman_glass_teeth,
          evilmike_ruin_ashenzari

Skill      XL: |  1 |
---------------+----+-----
Dodging        | 2 |  2.2
Fighting       | 2 |  2.4
Throwing       | |  2.0
Spellcasting   | |  1.2
Hexes          | |  2.6

Action                   || total
-------------------------++-------
Melee: Club              ||    55
       Unarmed           ||     4
Throw: Large rock        ||     5
       Throwing net      ||     2
 Stab: Held in net/web   ||     1
Armor: Robe              ||    19
Dodge: Dodged            ||    52

Table legend:
 A = Spawn XP
 B = Non-spawn XP
 C = Spawn XP percentage of total XP
 D = Spawn monster count
 E = Non-spawn monster count
 F = Spawn count percentage of total count
 G = Total turns spent on level
                    A         B        C        D         E        F      G
               +---------+---------+-------+---------+---------+-------+---------
         Total |       0 |      18 |   0.0 |       0 |      11 |   0.0 |   760
               +---------+---------+-------+---------+---------+-------+---------
           D:1 |       0 |      18 |   0.0 |       0 |      11 |   0.0 |   760
               +---------+---------+-------+---------+---------+-------+---------
